 Dungeon Crawl Stone Soup version 0.24-a0-378-g94936e539c (webtiles) character file.

Game seed: 16773565987055041011

7998 Laiders72 the Basher (level 11, -8/106 HPs)
             Began as a Deep Dwarf Fighter on June 1, 2019.
             Was an Elder of Makhleb.
             Mangled by Snorg (11 damage)
             ... on level 10 of the Dungeon.
             The game lasted 00:30:58 (6983 turns).

Laiders72 the Basher (Deep Dwarf Fighter)           Turns: 6983, Time: 00:30:58

Health: -8/106     AC: 14    Str: 23    XL:     11   Next: 4%
Magic:  5/5        EV:  4    Int:  9    God:    Makhleb [****..]
Gold:   568        SH: 10    Dex: 14    Spells: 10/10 levels left

rFire    . . .     SeeInvis +   C - +3 flail (crush)
rCold    . . .     Gourm    .   c - +0 shield
rNeg     . . .     Faith    .   j - +1 plate armour
rPois    .         Spirit   .   r - +0 helmet
rElec    .         Reflect  .   (no cloak)
rCorr    .         Harm     .   i - +0 pair of gloves
MR       +....                  (no boots)
Stlth    ..........             b - amulet of rage
HPRegen  0.00/turn              g - ring of see invisible
MPRegen  0.09/turn              v - +2 ring of dexterity

@: very slightly contaminated, non-regenerating
A: damage resistance, heal wounds, sense surroundings 2, no regeneration
a: Heal Wounds, Minor Destruction, Lesser Servant of Makhleb, Major Destruction,
Renounce Religion, Evoke Berserk Rage


You were on level 10 of the Dungeon.
You worshipped Makhleb.
Makhleb was greatly pleased with you.
You were not hungry.

You visited 2 branches of the dungeon, and saw 10 of its levels.

You collected 568 gold pieces.

Inventory:

Hand Weapons
 C - a +3 flail of crushing (weapon)
Missiles
 D - 2 throwing nets (quivered)
Armour
 c - a +0 shield (worn)
 i - a +0 pair of gloves (worn)
 j - a +1 plate armour (worn)
 r - a +0 helmet (worn)
 z - +0 fire dragon scales
Jewellery
 b - an amulet of rage (around neck)
 g - a ring of see invisible (left hand)
 v - a +2 ring of dexterity (right hand)
 J - an uncursed amulet of magic regeneration {unknown}
Wands
 l - a wand of polymorph (5)
 s - a wand of scattershot (3)
 B - a wand of clouds (3)
 E - a wand of iceblast (6)
 G - a wand of paralysis (8)
Scrolls
 e - a scroll of blinking
 h - 7 scrolls of remove curse
 n - 2 scrolls of amnesia
 p - a scroll of noise {unknown}
 q - a scroll of enchant weapon
 t - a scroll of fear {unknown}
 u - 5 scrolls of enchant armour
 x - a scroll of holy word {unknown}
 y - 3 scrolls of identify
 A - 4 scrolls of teleportation {unknown}
 H - a scroll of fog {unknown}
 K - 2 scrolls of magic mapping
Potions
 a - a potion of magic {unknown}
 d - a potion of might
 k - a potion of resistance {unknown}
 m - 4 potions of flight
 o - 6 potions of curing
 w - a potion of brilliance {unknown}
 F - 2 potions of lignification {unknown}
 I - a potion of haste {unknown}
 L - 2 potions of invisibility
Comestibles
 f - 14 rations


   Skills:
 + Level 9.4 Fighting
 * Level 13.4 Maces & Flails
 - Level 3.2 Armour
 - Level 3.2 Shields
 + Level 3.1 Invocations


You had 10 spell levels left.
You didn't know any spells.
Your spell library contained the following spells:

 Spells                   Type           Power        Failure   Level  Hunger
 Beastly Appendage        Tmut           #.....       100%        1    ##.....
 Sticks to Snakes         Tmut           #.......     100%        2    ###....
 Spider Form              Tmut/Pois      #.........   100%        3    ####...
 Ice Form                 Ice/Tmut       #.......     100%        4    #####..
 Blade Hands              Tmut           #.........   100%        5    ######.


Dungeon Overview and Level Annotations

Branches:
Dungeon (10/15)            Temple (1/1) D:6
   Lair: D:8-11         Orc: D:9-12

Altars:
Ashenzari
Cheibriados
Dithmenos
Elyvilon
Fedhas
Gozag
Hepliaklqana
Makhleb
Nemelex Xobeh
Okawaru
Trog
Uskayaw
Vehumet
Wu Jian
Xom
Yredelemnul
Zin
The Shining One

Shops:
D:6 *

Annotations:
D:6 1 runed translucent door, aaksess's ghost, novice VSAs
D:9 exclusion: obsidian statue
D:10 Snorg


Innate Abilities, Weirdness & Mutations

You are resistant to damage.
You can heal yourself by infusing magical energy.
You passively map the area around you.
You do not regenerate.


Message History

Snorg bites you!!
* * * LOW HITPOINT WARNING * * *
Snorg claws you!
* * * LOW HITPOINT WARNING * * *
Snorg barely misses you. Snorg bites you!
* * * LOW HITPOINT WARNING * * *
You block Snorg's attack. Snorg claws you but does no damage.
Blink to where?
Press: ? - help, Dir - move target cursor You are very lightly contaminated with residual magic.
As you read the scroll of blinking, it crumbles to dust.
Snorg rages.
Okay, then.
Okay, then.
Okay, then.
Snorg rages.
Snorg rages.
There is an open door here.
You block Snorg's attack. Snorg claws you!
You die...

'##### ###########+## ,
.....#####.............*
* ,,
.....'...'.............
,,
....(#####.............
, , .....#
#............. , #'####
######'#######* #†##
#.## , #)<# #..## ,*
##.# ##@.# * #.#
####T##### * '* ** #)#
#........### ,,,
##.##### #........#.+,
..()<..# *
#........#.#,, ..))...##
,, +........#.#, ,
...........
*#........#.#, ***
.......####
#........'.#, ########
#........###, *


You could see Snorg (berserk).

Vanquished Creatures
  Harold (D:8)
  Erica (D:10)
  A wizard (D:10)
  Maurice (D:10)
  A tengu conjurer (D:10)
  A troll (D:10)
  Grinder (D:3)
  A hippogriff (D:7)
  2 water moccasins
  3 phantoms
  2 black bears
  3 ogres
  2 necrophages
  7 orc warriors
  2 sky beasts
  4 centaurs
  4 big kobolds
  2 bullfrogs
  A wyvern skeleton (D:7)
  3 scorpions (D:10)
  4 killer bees (D:10)
  A howler monkey (D:2)
  11 wights
  3 electric eels (D:7)
  4 crimson imps
  A hound (D:7)
  A centaur zombie (D:7)
  A jelly (D:10)
  12 orc priests
  15 orc wizards
  A centaur skeleton (D:10)
  2 iguanas
  6 worker ants
  A hound zombie (D:9)
  2 hound skeletons
  A gnoll (D:1)
  12 adders
  2 shadow imps
  An ooze (D:3)
  2 adder skeletons
  3 worms
  A dart slug (D:2)
  3 leopard geckos
  43 orcs
  A ball python (D:6)
  13 bats
  2 giant cockroaches (D:1)
  8 goblins
  6 hobgoblins
  14 jackals
  5 quokkas
  5 frilled lizards
  A jackal skeleton (D:7)
  31 kobolds
  A quokka zombie (D:7)
  11 rats
274 creatures vanquished.

Vanquished Creatures (collateral kills)
  An orc warrior (D:10)
1 creature vanquished.

Grand Total: 275 creatures vanquished

Notes
Turn   | Place    | Note
-------+----------+-------------------------------------------
     0 | D:1      | Laiders72 the Deep Dwarf Fighter began the quest for the
                  | Orb.
     0 | D:1      | Reached XP level 1. HP: 20/20 MP: 1/1
    51 | D:1      | Reached XP level 2. HP: 25/27 MP: 2/2
   194 | D:1      | Reached skill level 3 in Maces & Flails
   319 | D:1      | Reached XP level 3. HP: 31/34 MP: 3/3
   687 | D:2      | Reached XP level 4. HP: 35/42 MP: 4/4
   712 | D:2      | Reached skill level 4 in Maces & Flails
   804 | D:2      | Found a glowing silver altar of Zin.
   804 | D:2      | Found a glowing golden altar of the Shining One.
   805 | D:2      | Found a white marble altar of Elyvilon.
  1077 | D:2      | Reached XP level 5. HP: 50/50 MP: 4/4
  1445 | D:3      | Reached skill level 5 in Maces & Flails
  1791 | D:3      | Reached XP level 6. HP: 43/57 MP: 5/5
  1899 | D:3      | Noticed Grinder
  1910 | D:3      | Paralysed by Grinder for 3 turns
  1921 | D:3      | Paralysed by Grinder for 3 turns
  1929 | D:3      | Paralysed by Grinder for 4 turns
  1943 | D:3      | Killed Grinder
  1943 | D:3      | Reached skill level 6 in Maces & Flails
  2283 | D:3      | Reached XP level 7. HP: 59/66 MP: 5/5
  2482 | D:4      | You fall into a shaft and drop 2 floors!
  2534 | D:6      | Reached skill level 5 in Fighting
  2541 | D:6      | Reached skill level 7 in Maces & Flails
  2651 | D:6      | Found a staircase to the Ecumenical Temple.
  2666 | Temple   | Entered the Ecumenical Temple
  2673 | Temple   | Became a worshipper of Makhleb the Destroyer
  2870 | D:6      | Found Fymurr's Lightly-Used Armoury.
  3171 | D:6      | Noticed aaksess's ghost (novice VSAs)
  3182 | D:6      | Found a runed translucent door.
  3399 | D:6      | Reached skill level 8 in Maces & Flails
  3399 | D:6      | Reached XP level 8. HP: 23/75 MP: 6/6
  3774 | D:7      | Reached * piety under Makhleb
  3823 | D:7      | Reached skill level 9 in Maces & Flails
  3905 | D:7      | Found a shattered altar of Ashenzari.
  4036 | D:7      | Found a hide-covered altar of Uskayaw.
  4120 | D:7      | Noticed a hippogriff
  4127 | D:7      | Gained mutation: You passively map the area around you.
                  | [Deep Dwarf growth]
  4127 | D:7      | Reached XP level 9. HP: 33/85 MP: 7/7
  4164 | D:7      | Reached skill level 10 in Maces & Flails
  4553 | D:7      | Found a glowing silver altar of Zin.
  5133 | D:8      | Reached ** piety under Makhleb
  5241 | D:8      | Noticed Harold
  5268 | D:8      | Killed Harold
  5268 | D:8      | Reached skill level 11 in Maces & Flails
  5370 | D:8      | Reached XP level 10. HP: 82/96 MP: 5/5
  5521 | D:8      | Found a bloodstained altar of Trog.
  5551 | D:8      | Reached skill level 12 in Maces & Flails
  5763 | D:9      | Noticed an obsidian statue
  6186 | D:9      | Reached *** piety under Makhleb
  6425 | D:9      | You fall into a shaft and drop 1 floor!
  6425 | D:10     | Entered Level 10 of the Dungeon
  6425 | D:10     | Noticed Maurice
  6426 | D:10     | Noticed Erica
  6448 | D:10     | Killed Maurice
  6463 | D:10     | Killed Erica
  6467 | D:10     | Reached skill level 13 in Maces & Flails
  6556 | D:10     | Noticed a wizard
  6557 | D:10     | Paralysed by a wizard for 5 turns
  6569 | D:10     | Killed a wizard
  6656 | D:10     | Found a basalt altar of Yredelemnul.
  6777 | D:10     | Found a snail-covered altar of Cheibriados.
  6794 | D:10     | Reached XP level 11. HP: 48/106 MP: 5/5
  6817 | D:10     | Reached **** piety under Makhleb
  6966 | D:10     | Noticed Snorg
  6973 | D:10     | HP: 3/106 [Snorg (11)]
  6983 | D:10     | Mangled by Snorg

Levels and vault maps discovered:
D:1:      minmay_arrival_shattered_statue, layout_rooms
D:2:      layout_basic, good_gods_temple_1, minmay_pentomino_o4
D:3:      layout_basic, first_ration, serial_bayou_pond_d,
          minmay_splitting_lines, hangedman_abyss_or_decor_stabs, uniq_grinder
D:4:      layout_rooms, nicolae_overflow_hidden_temple,
          chequers_serial_rivers_micro_a, hangedman_decor_diamond_cutter
D:6:      layout_loops_corners, minmay_temple_entry_ruins,
          hellmonk_ghost_happy_afterlife, minmay_shop_damaged, minmay_puff
D:7:      kennysheep_big_flooded_room, layout_basic,
          nicolae_overflow_crystal_walls, basic_altar, ashenzari_altar_1
D:8:      layout_basic, lemuel_coloured_pillars_altar, grunt_ogre_cave,
          uniq_harold
D:9:      layout_loops_ring, minivault_16, minmay_misc_feat_tiny
D:10:     layout_roguey, hangedman_feature_mirror, lemuel_another_geyser,
          uniq_snorg, uniq_maurice, uniq_erica
Temple:   nicolae_temple_x_marks_the_god

Skill      XL: |  1  2  3  4  5  6  7  8  9 10 |
---------------+-------------------------------+-----
Fighting       | 3 4 5 6 8 9 |  9.4
Maces & Flails | 3 4 5 6 8 9 11 13 | 13.4
Invocations    | 3 |  3.1
Armour         | |  3.2
Shields        | |  3.2

Action                   |  1- 3 |  4- 6 |  7- 9 | 10-12 || total
-------------------------+-------+-------+-------+-------++-------
Melee: Flail             |    74 |   264 |   422 |   364 ||  1124
Invok: Lesser Servant of |       |       |       |     1 ||     1
 Abil: Heal Wounds       |       |     3 |    12 |    11 ||    26
       Evoke Berserk Rag |       |       |     2 |     1 ||     3
  Use: Scroll            |     3 |     7 |     1 |     1 ||    12
       Potion            |       |       |       |     2 ||     2
  Eat: Chunk             |       |     5 |    13 |     7 ||    25
Armor: Scale mail        |    37 |       |       |       ||    37
       Plate armour      |    22 |   308 |   252 |   401 ||   983
Dodge: Dodged            |    21 |    52 |    65 |   109 ||   247
Block: Shield            |    51 |   233 |   214 |   301 ||   799

Table legend:
 A = Non-vault XP
 B = Vault XP
 C = Vault XP percentage of total XP
 D = Non-vault monster count
 E = Vault monster count
 F = Vault count percentage of total count
                 A         B        C        D         E       F
            +---------+---------+-------+---------+---------+-------
      Total |    7399 |    4027 |  35.2 |     263 |      12 |   4.4
            +---------+---------+-------+---------+---------+-------
        D:1 |      57 |       0 |   0.0 |      27 |       0 |   0.0
        D:2 |     143 |       1 |   0.7 |      28 |       1 |   3.4
        D:3 |     337 |     254 |  43.0 |      35 |       1 |   2.8
        D:4 |      49 |       0 |   0.0 |       4 |       0 |   0.0
        D:6 |     658 |     175 |  21.0 |      26 |       2 |   7.1
        D:7 |    1597 |     238 |  13.0 |      38 |       2 |   5.0
        D:8 |    1622 |    1092 |  40.2 |      33 |       2 |   5.7
        D:9 |    1173 |       0 |   0.0 |      28 |       0 |   0.0
       D:10 |    1763 |    2267 |  56.3 |      44 |       4 |   8.3
            +---------+---------+-------+---------+---------+-------
